 Dungeon Crawl Stone Soup version 0.32-a0-612-g1c984fe9d1 (webtiles) character file.

Game seed: 1182236941804127877

340 mGoose the Sneak (level 6, 0/48 HPs)
             Began as a Vampire Summoner on Mar 5, 2024.
             Was a Follower of Wu Jian.
             Slain by an ogre
             ... wielding a +0 giant club
              (13 damage)
             ... on level 4 of the Dungeon.
             The game lasted 00:33:13 (3054 turns).

mGoose the Sneak (Vampire Summoner)                 Turns: 3054, Time: 00:33:13

Health: 0/48       AC:  4    Str:  4 (7)  XL:     6   Next: 30%
Magic:  12/13      EV: 18    Int: 17 (19) God:    Wu Jian [*.....]
Gold:   194        SH:  4    Dex: 12 (15) Spells: 11/14 levels left

rFire   + . .        o - +1 whip (pain)
rCold   . . .        j - +0 buckler
rNeg    . . .        m - +2 robe {rF+}
rPois   .            (no helmet)
rElec   .            (no cloak)
rCorr   .            (no gloves)
SInv    +            (no boots)
Will    .....        (no amulet)
Stlth   ++++         d - ring of flight
HPRegen 0.48/turn    i - +5 ring of evasion
MPRegen 0.13/turn

%: no passive effects
@: flying, healing quickly
A: alive, fangs 3, see invisible, vampiric 2
a: Exsanguinate, Renounce Religion


You were on level 4 of the Dungeon.
You worshipped Wu Jian.
Wu Jian was aware of your devotion.
You visited 1 branch of the dungeon, and saw 4 of its levels.

You collected 194 gold pieces.

Inventory:

Hand Weapons
 n - a +0 dagger of draining
 o - a +1 whip of pain (weapon)
Missiles
 a - a throwing net
 g - 5 javelins
 h - 80 stones
 l - a boomerang
Armour
 j - a +0 buckler (worn)
 m - a +2 robe of fire resistance (worn)
Jewellery
 d - a ring of flight (left hand)
 i - a +5 ring of evasion (right hand)
Scrolls
 e - 2 scrolls of teleportation {unknown}
 k - a scroll of enchant weapon {unknown}
Potions
 b - a potion of magic
 f - 2 potions of enlightenment


   Skills:
 + Level 3.9 Fighting
 + Level 1.5 Short Blades
 + Level 5.1 Armour
 + Level 5.4 Dodging
 + Level 7.6 Stealth
 + Level 3.6 Shields
 + Level 0.1 Unarmed Combat
 + Level 4.6 Spellcasting
 + Level 6.3 Summonings


You had 11 spell levels left.
You knew the following spells:

 Your Spells              Type           Power      Damage    Failure   Level
a - Summon Small Mammal   Summ           100%       N/A       1%          1
b - Call Imp              Summ           50%        N/A       3%          2

Your spell library contained the following spells:

 Spells                   Type           Power      Damage    Failure   Level
 Call Canine Familiar     Summ           25%        N/A       6%          3
 Summon Ice Beast         Ice/Summ       14%        N/A       22%         3
 Summon Blazeheart Golem  Fire/Summ      14%        N/A       58%         4
 Summon Lightning Spire   Summ/Air       14%        N/A       58%         4
 Summon Mana Viper        Hex/Summ       14%        N/A       91%         5
 Monstrous Menagerie      Summ           12%        N/A       100%        7
 Orb of Destruction       Conj           1%         9d5       100%        7
 Spellforged Servitor     Conj/Summ      7%         N/A       100%        7


Dungeon Overview and Level Annotations

Branches:
Dungeon (4/15)
 Temple: D:4-7

Altars:
Trog
Wu Jian


Innate Abilities, Weirdness & Mutations

Your natural rate of healing is accelerated.
You have razor-sharp teeth.
You have supernaturally acute eyesight. (SInv)
You are afflicted with vampirism and can become a bat while bloodless.


Message History

e - 2 scrolls labelled ZOGABA XIUVULE (gained 1) Done exploring.
Done exploring.
Items here: )))) [[ รท.
Things that are here:
a +0 hand axe; an orc skeleton
There is an open door here.
There is a stone staircase leading down here.
You fly downwards.
Found a flail and a scroll labelled ZOGABA XIUVULE.
There is a stone staircase leading up here.
A tiny devil pulls itself out of the air.
The ogre shouts!
The ogre hits you with a +0 giant club!!
Ouch! That really hurt!
The kobold shouts!
You spin to attack the ogre, but your attack speed is too slow for a blow to land.
Your cerulean imp barely misses the ogre.
You hit the ogre. You bite the ogre.
The ogre is lightly wounded.
The ogre hits you with a +0 giant club!
* * * LOW HITPOINT WARNING * * *
Your cerulean imp hits the ogre from afar with a -2 spear.
You closely miss the ogre.
The ogre is moderately wounded.
The ogre barely misses you.
Your cerulean imp hits the ogre from afar with a -2 spear.
You hit the ogre.
The ogre is heavily wounded.
The kobold throws a stone.
You block the stone.
Your cerulean imp hits the ogre from afar with a -2 spear.
The ogre misses you.
You hit the ogre but do no damage.
The ogre is heavily wounded.
Your cerulean imp hits the ogre from afar with a -2 spear.
The kobold throws a stone.
The stone misses you.
You hit the ogre. You bite the ogre.
The ogre is severely wounded.
The ogre hits you with a +0 giant club!
You die...

##..
#..#. #..
. ....#
#.#.# #
##K#.#
#.##.<5.#
#).....#
#.#..@O##
# #.#.##
#.#.#
..?.. ##
###


You could see an ogre (ally target), a kobold and a friendly cerulean imp
(summoned).

Vanquished Creatures
  An orc wizard (D:3)
  An adder (D:3)
  3 dart slugs
  A ribbon worm (D:2)
  4 orcs (D:3)
  2 bats
  6 endoplasms
  4 giant cockroaches
  6 goblins
  4 hobgoblins
  3 jackals (D:2)
  4 ball pythons
  A frilled lizard (D:1)
  8 kobolds
  2 rats
50 creatures vanquished.

Vanquished Creatures (collateral kills)
  A bombardier beetle (D:3)
  2 adders
  7 orcs (D:3)
  A bat (D:1)
  2 endoplasms (D:1)
  2 giant cockroaches (D:3)
  5 goblins
  3 hobgoblins (D:3)
  3 kobolds
  A quokka (D:1)
  2 ball pythons
  2 frilled lizards (D:1)
  A rat (D:2)
32 creatures vanquished.

Grand Total: 82 creatures vanquished

Notes
Turn   | Place    | Note
-------+----------+-------------------------------------------
     0 | D:1      | mGoose the Vampire Summoner began the quest for the Orb.
     0 | D:1      | Reached XP level 1. HP: 13/13 MP: 3/3
   391 | D:1      | Reached XP level 2. HP: 17/19 MP: 1/5
   487 | D:1      | Found a faded altar of an unknown god.
   682 | D:1      | Learned a level 2 spell: Call Imp
   940 | D:1      | Gained mutation: You are afflicted with vampirism and can
                  | become a bat while bloodless. [Vampire growth]
   940 | D:1      | Reached XP level 3. HP: 21/24 MP: 6/6
  1378 | D:2      | Reached skill level 1 in Short Blades
  1440 | D:2      | Reached skill level 1 in Armour
  1699 | D:2      | Reached XP level 4. HP: 30/30 MP: 7/7
  1831 | D:3      | Found an ornate altar of the Wu Jian Council.
  1836 | D:3      | Became a worshipper of the Wu Jian Council
  2039 | D:3      | Found a bloodstained altar of Trog.
  2188 | D:3      | Reached XP level 5. HP: 36/36 MP: 9/9
  2392 | D:3      | Reached * piety under Wu Jian
  2441 | D:3      | Reached skill level 5 in Armour
  2441 | D:3      | Reached skill level 5 in Dodging
  2441 | D:3      | Reached skill level 7 in Stealth
  2441 | D:3      | Reached XP level 6. HP: 38/48 MP: 8/13
  3054 | D:4      | Slain by an ogre

Illustrated notes

Levels and vault maps discovered:
D:1:      matt_arrival_los_fun, layout_loops_ring,
          chequers_ecumenical_altar_simple
D:2:      layout_loops_cross
D:3:      layout_basic, mainiacjoe_overflow_six_doors_small, trog_hazing_becter,
          guppyfry_early_orc_mine
D:4:      layout_loops_ring, minmay_temple_entry_tees

Skill      XL: |  1  2  3  4  5 |
---------------+----------------+-----
Short Blades   | 1 |  1.5
Armour         | 1 5 |  5.1
Fighting       | 3 |  3.9
Dodging        | 5 |  5.4
Stealth        | 7 |  7.6
Shields        | 3 |  3.6
Spellcasting   | 4 |  4.6
Summonings     | 6 |  6.3
Unarmed Combat | |  0.1

Action                     |  1- 3 |  4- 6 || total
---------------------------+-------+-------++-------
  Melee: Unarmed           |    16 |       ||    16
         Dagger            |    34 |    57 ||    91
         Bite              |    14 |     9 ||    23
         Punch             |     1 |       ||     1
         Short sword       |    67 |       ||    67
         Whip              |       |    38 ||    38
   Cast: Summon Small Mamm |    20 |     1 ||    21
         Call Imp          |    13 |    16 ||    29
Ability: Lunge             |       |     5 ||     5
         Whirlwind         |       |     1 ||     1
    Use: Potion            |       |     4 ||     4
   Stab: Distracted        |     3 |       ||     3
         Sleeping          |     2 |     2 ||     4
 Armour: Leather armour    |    51 |    37 ||    88
         Robe              |       |     4 ||     4
  Dodge: Dodged            |    84 |    66 ||   150
  Block: Buckler           |    19 |    26 ||    45

Table legend: (Time is in decaauts)
 A = Elapsed time spent in this place.
 B = Non-inter-level travel time spent in this place.
 C = Inter-level travel time spent in this place.
 D = Time resting spent in this place.
 E = Time spent auto-exploring this place.
 F = Levels seen in this place.
 G = Mean time per level.
                   A        B        C        D        E       F      G
               +--------+--------+--------+--------+--------+-----+--------+
         Total |   3061 |   2903 |    158 |      0 |   1199 |   4 |  765.2 |
       Dungeon |   3061 |   2903 |    158 |      0 |   1199 |   4 |  765.2 |
               +--------+--------+--------+--------+--------+-----+--------+

Top non-repeatable levels by time:
     D:3: 1221 daAuts
     D:1: 1066 daAuts
     D:2: 764 daAuts
     D:4: 8 daAuts
